 Dungeon Crawl Stone Soup version 0.27.1-1-g398f81649c (webtiles) character file.

Game seed: 10713426851556757556

1542 Crownlay the Firebug (level 8, 0/59 HPs)
             Began as a Gnoll Fire Elementalist on Sept 18, 2021.
             Was an Initiate of Vehumet.
             Killed by an exploding centaur (10 damage)
             ... ignited by their inner flame
             ... on level 6 of the Dungeon.
             The game lasted 00:12:08 (6720 turns).

Crownlay the Firebug (Gnoll Fire Elementalist)      Turns: 6720, Time: 00:12:09

Health: 0/59       AC:  3    Str:  8    XL:     8   Next: 87%
Magic:  6/17       EV: 14    Int: 16    God:    Vehumet [......]
Gold:   276        SH:  0    Dex: 13    Spells: 12/19 levels left

rFire    + + .     SeeInvis .   g - +2 spear (vorpal)
rCold    . . .     Faith    .   (no shield)
rNeg     . . .     Spirit   .   a - +0 robe
rPois    .         Reflect  .   u - +0 helmet
rElec    .         Harm     .   (no cloak)
rCorr    .         Rampage  .   (no gloves)
Will     .....                  (no boots)
Stlth    +++.......             (no amulet)
HPRegen  0.19/turn              d - ring of protection from fire
MPRegen  0.15/turn              r - ring of protection from fire

@: no status effects
A: fangs 1, strong nose, distributed training
a: Renounce Religion


You were on level 6 of the Dungeon.
You worshipped Vehumet.
Vehumet was noncommittal.
You visited 2 branches of the dungeon, and saw 7 of its levels.
You also visited: Ossuary.

You collected 276 gold pieces.

Inventory:

Hand Weapons
 g - a +2 vorpal spear (weapon)
Missiles
 v - a throwing net
Armour
 a - a +0 robe (worn)
 u - a +0 helmet (worn)
Jewellery
 d - a ring of protection from fire (left hand)
 r - a ring of protection from fire (right hand)
Wands
 b - a wand of digging (2)
 o - a wand of iceblast (10)
 s - a wand of flame (14)
Scrolls
 e - a scroll of fog
 k - a scroll of vulnerability
 l - 2 scrolls of noise
 p - 2 scrolls of enchant weapon
 t - a scroll of immolation {unknown}
 w - a scroll of amnesia
Potions
 c - 2 potions of invisibility {unknown}
 h - a potion of haste {unknown}
 i - a potion of berserk rage {unknown}
 j - 2 potions of might {unknown}
 m - 3 potions of curing {unknown}
 n - a potion of lignification {unknown}
 q - 2 potions of cancellation {unknown}


   Skills:
 + Level 3.6 Fighting
 + Level 3.6 Short Blades
 + Level 3.6 Long Blades
 + Level 3.6 Axes
 + Level 3.6 Maces & Flails
 + Level 3.6 Polearms
 + Level 3.6 Staves
 + Level 3.6 Slings
 + Level 3.6 Bows
 + Level 3.6 Crossbows
 + Level 3.6 Throwing
 + Level 3.6 Armour
 + Level 5.9 Dodging
 + Level 5.6 Stealth
 + Level 3.6 Shields
 + Level 3.6 Unarmed Combat
 + Level 6.2 Spellcasting
 + Level 3.7 Conjurations
 + Level 3.0 Hexes
 + Level 3.0 Summonings
 + Level 3.0 Necromancy
 + Level 3.0 Translocations
 + Level 3.0 Transmutations
 + Level 6.3 Fire Magic
 + Level 3.0 Ice Magic
 + Level 3.0 Air Magic
 + Level 3.0 Earth Magic
 + Level 3.0 Poison Magic
 + Level 4.0 Invocations
 + Level 3.6 Evocations


You had 12 spell levels left.
You knew the following spells:

 Your Spells              Type           Power      Damage    Failure   Level
a - Foxfire               Conj/Fire      84%        2x1d8     1%          1
b - Inner Flame           Hex/Fire       19%        N/A       6%          3
c - Conjure Flame         Conj/Fire      21%        6-21      4%          3

Your spell library contained the following spells:

 Spells                   Type           Power      Damage    Failure   Level
 Sticky Flame             Conj/Fire      21%        2d4       17%         4
 Fireball                 Conj/Fire      10%        3d6       43%         5


Dungeon Overview and Level Annotations

Branches:
Dungeon (6/15)             Temple (1/1) D:6         Ossuary (visited)

Altars:
Ashenzari
Cheibriados
Fedhas
Gozag
Makhleb
Okawaru
Trog
Vehumet
Xom
The Shining One


Innate Abilities, Weirdness & Mutations

You have very sharp teeth.
Your uncanny sense of smell can sniff out nearby items.
Your experience applies equally to all skills.


Message History

Casting: Foxfire (safe; 1% risk of failure)
Confirm with . or Enter, or press ? or * to list all spells.
You can't see any susceptible monsters within range! (Use Z to cast anyway.)
Casting: Foxfire (safe; 1% risk of failure)
Confirm with . or Enter, or press ? or * to list all spells.
Aiming: Inner Flame (dangerous; 6% risk of failure)
Press: ? - help, Shift-Dir - straight line, f - centaur
Aim: a centaur, wielding a +0 shortbow and quivering arrows (wisps of flame, ally target, chance to affect: 75%)
The centaur struggles to resist.
Your foxfire dissipates! x2
The foxfire hits the centaur!
The centaur is moderately wounded.
The centaur shoots an arrow.
The arrow hits you!
* * * LOW HITPOINT WARNING * * *
Casting: Inner Flame (dangerous; 6% risk of failure)
Confirm with . or Enter, or press ? or * to list all spells.
Aiming: Inner Flame (dangerous; 6% risk of failure)
Press: ? - help, Shift-Dir - straight line, f/p - centaur
Aim: a centaur, wielding a +0 shortbow and quivering arrows (moderately wounded, ally target, chance to affect: 75%)
The centaur is filled with an inner flame.
Your foxfire dissipates!
The centaur unwields a +0 shortbow.
The centaur hits you.
* * * LOW HITPOINT WARNING * * *
The centaur misses you.
Casting: Inner Flame (dangerous; 6% risk of failure)
Confirm with . or Enter, or press ? or * to list all spells.
You conjure some foxfire!
The centaur hits you.
* * * LOW HITPOINT WARNING * * *
The centaur closely misses you.
You hit the centaur.
Flame seeps out of the centaur. x2
The centaur is severely wounded.
The foxfire hits the centaur.
Flame seeps out of the centaur.
The centaur is almost dead.
The foxfire hits the centaur.
Flame seeps out of the centaur.
The centaur is almost dead.
The centaur is engulfed in blazing flames.
Vehumet accepts your kill.
The centaur explodes!
The fiery explosion engulfs you! You resist.
You die...

........<#.#
#######.##.###
#..........#####
#.##.§.........#
#.#..##...#..#.#
#...#..#.#§....
#.$.#.§.§#..# .#
#....#§○§.##...#
#.#.$.§@§......#
#.#..##....#...#
#.#.#§.#...?#..#
#....#.#..#
##..#...##...
∆.!.. .... ...
#.##. .#### ###
#. . .. # .


There were no monsters in sight!

Vanquished Creatures
  Grinder (D:3)
  Sigmund (D:2)
  Menkaure (D:4)
  Purgy (D:4)
  2 ogres (D:5)
  A centaur (D:6)
  Blork the orc (D:4)
  A scorpion (D:5)
  A water moccasin zombie (D:5)
  A bullfrog zombie (D:6)
  A human zombie (Ossuary)
  A centaur zombie (Ossuary)
  An orc priest (D:4)
  A bullfrog skeleton (D:5)
  A hound (D:4)
  5 jellies
  Terence (D:2)
  An orc wizard (D:4)
  A hound skeleton (D:4)
  2 mummies (Ossuary)
  3 gnolls (D:5)
  3 adders
  A shadow imp (D:5)
  An ufetubus (D:5)
  An adder zombie (Ossuary)
  3 worms
  4 dart slugs
  13 orcs
  5 endoplasms
  2 giant cockroaches
  4 goblins
  5 hobgoblins
  7 jackals
  12 kobolds
  4 quokkas
  6 ball pythons
  7 bats
  6 frilled lizards
  A goblin zombie (Ossuary)
  12 hobgoblin zombies (Ossuary)
  A jackal zombie (Ossuary)
  9 kobold zombies (Ossuary)
  8 orc zombies (Ossuary)
  4 rats
  3 rat zombies (Ossuary)
151 creatures vanquished.

Vanquished Creatures (others)
  219 foxfires
219 creatures vanquished.

Grand Total: 370 creatures vanquished

Notes
Turn   | Place    | Note
-------+----------+-------------------------------------------
     0 | D:1      | Crownlay the Gnoll Fire Elementalist began the quest for
                  | the Orb.
     0 | D:1      | Reached XP level 1. HP: 13/13 MP: 6/6
    35 | D:1      | Reached XP level 2. HP: 12/19 MP: 0/7
   403 | D:1      | Found a faded altar of an unknown god.
   887 | D:1      | Reached XP level 3. HP: 25/25 MP: 9/9
  1212 | D:2      | Noticed Terence
  1362 | D:1      | Learned a level 3 spell: Inner Flame
  1383 | D:2      | Killed Terence
  1384 | D:2      | Reached skill level 1 in Fighting
  1384 | D:2      | Reached skill level 1 in Short Blades
  1384 | D:2      | Reached skill level 1 in Long Blades
  1384 | D:2      | Reached skill level 1 in Axes
  1384 | D:2      | Reached skill level 1 in Maces & Flails
  1384 | D:2      | Reached skill level 1 in Polearms
  1384 | D:2      | Reached skill level 1 in Staves
  1384 | D:2      | Reached skill level 1 in Slings
  1384 | D:2      | Reached skill level 1 in Bows
  1384 | D:2      | Reached skill level 1 in Crossbows
  1384 | D:2      | Reached skill level 1 in Throwing
  1384 | D:2      | Reached skill level 1 in Armour
  1384 | D:2      | Reached skill level 1 in Shields
  1384 | D:2      | Reached skill level 1 in Unarmed Combat
  1384 | D:2      | Reached skill level 5 in Spellcasting
  1384 | D:2      | Reached skill level 1 in Invocations
  1384 | D:2      | Reached skill level 1 in Evocations
  1697 | D:2      | Noticed Sigmund
  1706 | D:2      | Killed Sigmund
  1707 | D:2      | Reached skill level 1 in Hexes
  1707 | D:2      | Reached skill level 1 in Summonings
  1707 | D:2      | Reached skill level 1 in Necromancy
  1707 | D:2      | Reached skill level 1 in Translocations
  1707 | D:2      | Reached skill level 1 in Transmutations
  1707 | D:2      | Reached skill level 1 in Ice Magic
  1707 | D:2      | Reached skill level 1 in Air Magic
  1707 | D:2      | Reached skill level 1 in Earth Magic
  1707 | D:2      | Reached skill level 1 in Poison Magic
  1707 | D:2      | Reached XP level 4. HP: 20/33 MP: 3/11
  1707 | D:2      | Reached XP level 5. HP: 23/38 MP: 3/12
  2118 | D:2      | Reached XP level 6. HP: 36/44 MP: 13/13
  2122 | D:2      | Learned a level 3 spell: Conjure Flame
  3562 | D:3      | Noticed Grinder
  3571 | D:3      | Killed Grinder
  3572 | D:3      | Reached skill level 5 in Dodging
  3572 | D:3      | Reached XP level 7. HP: 50/50 MP: 3/15
  3689 | D:4      | Found an iron altar of Okawaru.
  3743 | D:4      | Noticed Purgy
  3755 | D:4      | Killed Purgy
  3793 | D:4      | Noticed Menkaure
  3804 | D:4      | Killed Menkaure
  3805 | D:4      | Reached skill level 5 in Stealth
  3806 | D:4      | Found a sand-covered staircase.
  3817 | Ossuary  | Entered an ossuary
  4383 | Ossuary  | Reached XP level 8. HP: 46/57 MP: 16/16
  4579 | D:4      | Noticed Blork the orc
  4592 | D:4      | HP: 2/57 [spore (13)]
  4592 | D:4      | Killed Blork the orc
  5326 | D:5      | Entered Level 5 of the Dungeon
  6574 | D:6      | Found a staircase to the Ecumenical Temple.
  6701 | Temple   | Entered the Ecumenical Temple
  6705 | Temple   | Became a worshipper of Vehumet
  6720 | D:6      | Killed by an exploding centaur... ignited by their inner
                  | flame

Illustrated notes

Levels and vault maps discovered:
D:1:      psy_arrival_basics, layout_loops_cross,
          shapermc_ecumenical_altar_notcrosses, patterned_corridor
D:2:      layout_loops_ring, st_stairs_5, kennysheep_cross_room,
          supply_closet_lemuel, uniq_terence, uniq_sigmund
D:3:      layout_basic, grunt_ministairs_9, st_stairs_12, uniq_grinder
D:4:      layout_cave_pools, okawaru_gym_becter, enter_ossuary_1, uniq_menkaure,
          uniq_purgy, uniq_blork_the_orc
D:5:      layout_cave_pods, minmay_liquid_box
D:6:      layout_loops_ring, nicolae_wu_jian_glorious_leap,
          minmay_temple_entry_mini_moons, gammafunk_ghost_abyssal_escape
Temple:   nicolae_temple_x_marks_the_god

Skill      XL: |  1  2  3  4  5  6  7  8 |
---------------+-------------------------+-----
Conjurations   | 2 3 |  3.7
Fighting       | 1 2 3 |  3.6
Short Blades   | 1 2 3 |  3.6
Long Blades    | 1 2 3 |  3.6
Axes           | 1 2 3 |  3.6
Maces & Flails | 1 2 3 |  3.6
Polearms       | 1 2 3 |  3.6
Staves         | 1 2 3 |  3.6
Slings         | 1 2 3 |  3.6
Bows           | 1 2 3 |  3.6
Crossbows      | 1 2 3 |  3.6
Throwing       | 1 2 3 |  3.6
Armour         | 1 2 3 |  3.6
Shields        | 1 2 3 |  3.6
Unarmed Combat | 1 2 3 |  3.6
Spellcasting   | 5 6 |  6.2
Invocations    | 1 2 3 4 |  4.0
Evocations     | 1 2 3 |  3.6
Hexes          | 1 2 3 |  3.0
Summonings     | 1 2 3 |  3.0
Necromancy     | 1 2 3 |  3.0
Translocations | 1 2 3 |  3.0
Transmutations | 1 2 3 |  3.0
Ice Magic      | 1 2 3 |  3.0
Air Magic      | 1 2 3 |  3.0
Earth Magic    | 1 2 3 |  3.0
Poison Magic   | 1 2 3 |  3.0
Dodging        | 5 |  5.9
Stealth        | 5 |  5.6
Fire Magic     | 6 |  6.3

Action                   |  1- 3 |  4- 6 |  7- 9 || total
-------------------------+-------+-------+-------++-------
Melee: Unarmed           |     4 |       |       ||     4
       Dagger            |    30 |       |       ||    30
       Bite              |     5 |     3 |    21 ||    29
       Spear             |     4 |    78 |   223 ||   305
       Punch             |       |       |     3 ||     3
 Cast: Foxfire           |    29 |    20 |    76 ||   125
       Inner Flame       |     2 |     3 |    17 ||    22
       Conjure Flame     |       |     7 |     8 ||    15
  Use: Scroll            |       |       |     5 ||     5
 Stab: Sleeping          |     6 |     8 |     7 ||    21
Armor: Robe              |     4 |     6 |    24 ||    34
Dodge: Dodged            |    31 |    36 |   141 ||   208
